 Dungeon Crawl Stone Soup version 0.27.0-1-g7a089689b8 (webtiles) character file.

Game seed: 12491338377090392157

17 Thatpatchoflichen the Ogre Mage (level 2, -1/27 HPs)
             Began as an Ogre Hedge Wizard on Aug 12, 2021.
             Slain by Sigmund (5 damage)
             ... on level 2 of the Dungeon.
             The game lasted 00:04:05 (1810 turns).

Thatpatchoflichen the Ogre Mage (Ogre Hedge Wizard) Turns: 1810, Time: 00:04:06

Health: -1/27      AC:  3    Str: 13    XL:     2   Next: 62%
Magic:  3/7        EV:  9    Int: 15    God:
Gold:   72         SH:  0    Dex:  8    Spells: 2/9 levels left

rFire    . . .     SeeInvis .   d - +0 mace (holy)
rCold    . . .     Faith    .   (no shield)
rNeg     . . .     Spirit   .   b - +0 robe
rPois    .         Reflect  .   c - +0 hat
rElec    .         Harm     .   (no cloak)
rCorr    .         Rampage  .   (gloves unavailable)
Will     .....                  (boots unavailable)
Stlth    +.........             (no amulet)
HPRegen  0.09/turn              (no ring)
MPRegen  0.10/turn              (no ring)

@: very slightly contaminated
A: large, unfitting armour, tough skin 1
a: no special abilities


You were on level 2 of the Dungeon.
You visited 1 branch of the dungeon, and saw 2 of its levels.

You collected 72 gold pieces.

Inventory:

Hand Weapons
 a - a +0 dagger
 d - a +0 mace of holy wrath (weapon)
Missiles
 j - 23 stones
Armour
 b - a +0 robe (worn)
 c - a +0 hat (worn)
Magical Staves
 k - a staff of fire
Jewellery
 i - a ring of willpower
Scrolls
 e - a scroll of identify {unknown}
 g - a scroll of vulnerability {unknown}
 h - a scroll of enchant weapon {unknown}
 l - 2 scrolls of noise {unknown}
Potions
 f - 2 potions of curing {unknown}


   Skills:
 + Level 1.4 Fighting
 - Level 1.7 Dodging
 - Level 1.4 Stealth
 * Level 4.2 Spellcasting
 + Level 0.8 Conjurations
 + Level 0.8 Summonings
 - Level 0.8 Translocations


You had 2 spell levels left.
You knew the following spells:

 Your Spells              Type           Power      Damage    Failure   Level
a - Magic Dart            Conj           20%        1d4       12%         1
b - Blink                 Tloc           N/A        N/A       19%         2
c - Call Imp              Summ           5%         N/A       19%         2
d - Slow                  Hex            3%         N/A       26%         2

Your spell library contained the following spells:

 Spells                   Type           Power      Damage    Failure   Level
 Conjure Flame            Conj/Fire      4%         6-21      41%         3
 Mephitic Cloud           Conj/Pois/Air  4%         N/A       43%         3
 Inner Flame              Hex/Fire       3%         N/A       47%         3
 Cause Fear               Hex            1%         N/A       87%         4
 Discord                  Hex            1%         N/A       100%        8


Dungeon Overview and Level Annotations

Branches:
Dungeon (2/15)

Altars:

Shops:
D:1 ?

Annotations:
D:2 Sigmund


Innate Abilities, Weirdness & Mutations

You are too large for most types of armour.
You have tough skin. (AC +1)


Message History

k - a staff of fire You now have 61 gold pieces (gained 9).
Found a stone staircase leading down.
You now have 72 gold pieces (gained 11).
f - 2 sapphire potions (gained 1)
l - a scroll labelled UNAGUG LIYPS
l - 2 scrolls labelled UNAGUG LIYPS (gained 1) Sigmund the Dreaded comes into view.
He is wielding a +7 scythe of freezing.
Sigmund shouts!
Aiming: Magic Dart (safe; 12% risk of failure)
Press: ? - help, Q - select action, (/) - cycle Shift-Dir - straight line, f - Sigmund
Aim: Sigmund, wielding a +7 scythe of freezing and wearing a +0 robe (100% to hit)
The magic dart hits Sigmund.
Sigmund is lightly wounded.
Aiming: Magic Dart (safe; 12% risk of failure)
Press: ? - help, Q - select action, (/) - cycle Shift-Dir - straight line, f/p - Sigmund
Aim: Sigmund, wielding a +7 scythe of freezing and wearing a +0 robe (lightly wounded, 100% to hit)
You miscast Magic Dart.
You are very lightly contaminated with residual magic.
Nothing appears to happen.
Aiming: Magic Dart (safe; 12% risk of failure)
Press: ? - help, Q - select action, (/) - cycle Shift-Dir - straight line, f/p - Sigmund
Aim: Sigmund, wielding a +7 scythe of freezing and wearing a +0 robe (lightly wounded, 100% to hit)
The magic dart hits Sigmund but does no damage.
Sigmund is lightly wounded.
Aiming: Magic Dart (safe; 12% risk of failure)
Press: ? - help, Q - select action, (/) - cycle Shift-Dir - straight line, f/p - Sigmund
Aim: Sigmund, wielding a +7 scythe of freezing and wearing a +0 robe (lightly wounded, 100% to hit)
You miscast Magic Dart.
Nothing appears to happen.
Sigmund gestures wildly while chanting.
Sigmund flickers and vanishes!
Deactivating autopickup; reactivate with Ctrl-A.
Something hits you! Something freezes you. Something hits you!
* * * LOW HITPOINT WARNING * * *
Something freezes you.
* * * LOW HITPOINT WARNING * * *
There is a stone staircase leading up here.
Something hits you.
You die...

#.# #.........# # #<#
#.######### #.# #.# #.# #.#
#.# #.# ##.# #.# ..# #.# ##.#
#.# #.@# #.# #####..####...#
########......{.!....#########
..>.......##..######.#........
#..........# #.#.#######
#.#.....##.# #.#.#
#........#.# #.#.#
.#.#..........######.#.#
.......................#


There were no monsters in sight!

Vanquished Creatures
  2 endoplasms
  A giant cockroach (D:1)
  A goblin (D:1)
  A hobgoblin (D:2)
  3 kobolds
  A quokka (D:1)
  A ball python (D:1)
  2 bats (D:1)
  4 rats
16 creatures vanquished.

Notes
Turn   | Place    | Note
-------+----------+-------------------------------------------
     0 | D:1      | Thatpatchoflichen the Ogre Hedge Wizard began the quest for
                  | the Orb.
     0 | D:1      | Reached XP level 1. HP: 16/16 MP: 5/5
   117 | D:1      | Found a faded altar of an unknown god.
   430 | D:1      | Found Zuis's Magic Scroll Emporium.
   457 | D:1      | Reached skill level 1 in Fighting
   515 | D:1      | Reached skill level 4 in Spellcasting
   515 | D:1      | Reached XP level 2. HP: 20/27 MP: 7/7
  1508 | D:2      | Learned a level 2 spell: Blink
  1511 | D:2      | Learned a level 2 spell: Call Imp
  1514 | D:2      | Learned a level 2 spell: Slow
  1802 | D:2      | Noticed Sigmund
  1810 | D:2      | Slain by Sigmund

Illustrated notes

Levels and vault maps discovered:
D:1:      eino_arrival_cavern_a, layout_basic, serial_shops,
          nicolae_shop_crystal, ebering_ecumenical_altar_hall,
          serial_bayou_ford_a
D:2:      layout_loops_ring, uniq_sigmund

Skill      XL: |  1 |
---------------+----+-----
Fighting       | 1 |  1.4
Spellcasting   | 4 |  4.2
Dodging        | |  1.7
Stealth        | |  1.4
Conjurations   | |  0.8
Summonings     | |  0.8
Translocations | |  0.8

Action                   || total
-------------------------++-------
Melee: Mace              ||    48
 Cast: Magic Dart        ||     8
 Stab: Sleeping          ||     2
Armor: Robe              ||    15
Dodge: Dodged            ||    33
